 Dungeon Crawl Stone Soup version 0.29.1-15-g9cfb28693d (webtiles) character file.

Game seed: 5265391609863715744

6792 Wanderer2 the Nimble (level 11, 0/69 HPs)
             Began as an Octopode Hedge Wizard on Feb 24, 2023.
             Was an Initiate of Sif Muna.
             Slain by a boulder beetle (55 damage)
             ... on level 10 of the Dungeon on Feb 25, 2023.
             The game lasted 00:56:43 (12580 turns).

Wanderer2 the Nimble (Octopode Hedge Wizard)       Turns: 12580, Time: 00:56:44

Health: 0/69       AC: 11    Str: 11    XL:     11   Next: 5%
Magic:  13/15      EV: 24    Int: 16    God:    Sif Muna [......]
Gold:   655        SH:  0    Dex: 15    Spells: 7/16 levels left

rFire   + . .      SeeInvis +   U - +4 mace (freeze)
rCold   + . .      Faith    .   (no shield)
rNeg    . . .      Spirit   .   N - +2 hat
rPois   .          Reflect  .   S - amulet of the acrobat
rElec   .          Harm     .   F - ring of willpower
rCorr   .          Rampage  .   D - +4 ring of protection
Will    +....                   y - ring of protection from fire
Stlth   +++++.....              a - +4 ring of protection
HPRegen 0.21/turn               M - +4 ring of evasion
MPRegen 0.14/turn               L - ring of protection from cold
                                m - ring of see invisible
                                (no ring)

@: lethally poisoned (0 -> -4)
A: almost no armour, amphibious, 8 rings, camouflage 1, gelatinous body 1,
(nimble swimmer 1), tentacles
a: Renounce Religion


You were on level 10 of the Dungeon.
You worshipped Sif Muna.
Sif Muna was noncommittal.
You visited 2 branches of the dungeon, and saw 11 of its levels.

You collected 655 gold pieces.

Inventory:

Hand Weapons
 e - a +3 war axe
 f - a +2 whip of venom
 h - a +1 whip of electrocution
 k - a +0 trident
 w - a +1 war axe of venom
 E - a +2 vorpal hand axe
 J - a +4 mace
 K - a +1 great sword of holy wrath
 U - a +4 mace of freezing (weapon)
 W - a +3 battleaxe
Missiles
 r - 15 poisoned darts
 P - a throwing net
Armour
 N - a +2 hat (worn)
Jewellery
 a - a +4 ring of protection (on tentacle)
 m - a ring of see invisible (on tentacle)
 v - a ring of flight
 y - a ring of protection from fire (on tentacle)
 D - a +4 ring of protection (right tentacle)
 F - a ring of willpower (left tentacle)
 L - a ring of protection from cold (on tentacle)
 M - a +4 ring of evasion (on tentacle)
 S - an amulet of the acrobat (around mantle)
Wands
 s - a wand of digging (7)
 R - a wand of roots (5)
 X - a wand of paralysis (15)
 Z - a wand of flame (5)
Scrolls
 b - a scroll of vulnerability {unknown}
 d - 5 scrolls of brand weapon {unknown}
 n - a scroll of silence {unknown}
 o - 6 scrolls of immolation {unknown}
 p - 5 scrolls of teleportation
 q - a scroll of summoning {unknown}
 t - a scroll of fog {unknown}
 u - a scroll of acquirement {unknown}
 A - 3 scrolls of blinking {unknown}
 G - 2 scrolls of enchant armour {unknown}
 O - a scroll of torment {unknown}
 V - a scroll of fear
 Y - 3 scrolls of magic mapping
Potions
 c - 2 potions of magic
 g - 2 potions of haste {unknown}
 i - 6 potions of curing
 j - 3 potions of attraction
 l - a potion of degeneration {unknown}
 x - 2 potions of berserk rage {unknown}
 z - a potion of might {unknown}
 B - 3 potions of invisibility
 C - 3 potions of heal wounds
 H - 5 potions of brilliance
 Q - a potion of cancellation {unknown}


   Skills:
 + Level 4.2 Fighting
 + Level 1.1(1.4) Axes
 + Level 1.2(1.4) Maces & Flails
 - Level 13.0 Dodging
 + Level 8.6 Stealth
 - Level 3.0 Spellcasting
 - Level 5.0 Conjurations
 - Level 1.0 Summonings
 + Level 2.4 Translocations
 - Level 1.0 Fire Magic
 - Level 4.0 Air Magic


You had 7 spell levels left.
You knew the following spells:

 Your Spells              Type           Power      Damage    Failure   Level
a - Magic Dart            Conj           72%        1d6       2%          1
b - Conjure Flame         Conj/Fire      12%        6-21      16%         3
q - Mephitic Cloud        Conj/Pois/Air  12%        N/A       16%         3
t - Blink                 Tloc           20%        N/A       11%         2

Your spell library contained the following spells:

 Spells                   Type           Power      Damage    Failure   Level
 Searing Ray              Conj           36%        2d5       3%          2
 Beastly Appendage        Tmut           4%         N/A       19%         1
 Slow                     Hex            8%         N/A       19%         1
 Call Imp                 Summ           5%         N/A       19%         2
 Lesser Beckoning         Tloc           10%        N/A       21%         3
 Passwall                 Tmut/Erth      1%         N/A       28%         2
 Wereblood                Tmut           2%         N/A       28%         2
 Ignite Poison            Fire/Tmut/Pois 3%         N/A       45%         3
 Confusing Touch          Hex            2%         N/A       50%         3
 Ozocubu's Armour         Ice            2%         N/A       50%         3
 Spider Form              Tmut/Pois      2%         N/A       50%         3
 Vampiric Draining        Necr           2%         2d6       50%         3
 Fulminant Prism          Conj/Hex       5%         3d7       54%         4
 Summon Lightning Spire   Summ/Air       10%        N/A       54%         4
 Corpse Rot               Necr/Pois/Air  6%         N/A       73%         4
 Dispel Undead            Necr           2%         3d7       88%         4
 Irradiate                Conj/Tmut      5%         3d13      88%         5
 Manifold Assault         Tloc           10%        N/A       88%         5
 Death Channel            Necr           1%         N/A       100%        6
 Ozocubu's Refrigeration  Ice            1%         4d7       100%        7
 Storm Form               Tmut/Air       4%         N/A       100%        7
 Maxwell's Capacitive Co  Air            7%         ∞         100%        8


Dungeon Overview and Level Annotations

Branches:
Dungeon (10/15)            Temple (1/1) D:6            Lair (0/5) D:8
    Orc: D:9-12

Altars:
Ashenzari
Cheibriados
Dithmenos
Elyvilon
Fedhas
Hepliaklqana
Kikubaaqudgha
Makhleb
Nemelex Xobeh
Okawaru
Qazlal
Ru
Sif Muna
Trog
Uskayaw
Vehumet
Wu Jian
Xom
Yredelemnul
Zin
The Shining One

Annotations:
D:3 3 runed translucent doors, LaMa's ghost, amateur MfIE
D:5 exclusion: water moccasin
D:9 exclusion: statue


Innate Abilities, Weirdness & Mutations

You cannot wear most types of armour.
You are amphibious.
You can wear up to eight rings at the same time.
Your skin changes colour to match your surroundings (Stealth+).
Your rubbery body absorbs attacks. (AC +1, EV +1)
((You are camouflaged when in or above water. (Stealth+)))
You have tentacles for arms and can constrict up to eight enemies at once.


Message History

You start resting.
Magic restored.
You climb downwards.
There is a stone staircase leading up here.
A hornet comes into view.
Casting: Mephitic Cloud (dangerous; 16% risk of failure)
Confirm with . or Enter, or press ? or * to list all spells.
Aiming: Mephitic Cloud (dangerous; 16% risk of failure)
Press: ? - help, Shift-Dir - straight line, f - hornet
Aim: a hornet (wandering, hasn't noticed you, chance to affect: 72%)
The ball explodes into a vile cloud!
The stinking cloud engulfs the hornet but does no damage.
The hornet buzzes angrily.
The hornet is engulfed in noxious fumes.
The hornet appears confused.
The hornet completely misses you.
The boulder beetle curls into a ball and begins rolling!
You hit the hornet. You freeze the hornet. You grab the hornet.
You squeeze the hornet, but do no damage.
The hornet is lightly wounded.
You constrict the hornet.
The hornet escapes!
The hornet misses you.
You hit the hornet. You freeze the hornet. You grab the hornet.
The hornet is moderately wounded.
You constrict the hornet, but do no damage.
The hornet stings you!
You are poisoned.
You feel yourself slow down.
The hornet struggles to escape constriction.
You release your grip on the hornet.
You feel very sick.
You hit the hornet. You freeze the hornet. You grab the hornet.
The hornet is heavily wounded.
You feel yourself speed up.
You constrict the hornet.
You feel very sick. The hornet closely misses you.
The hornet struggles to escape constriction.
The boulder beetle hits you!!!
Ouch! That really hurt!
You die...

#.# #....#
#..##.##.# ..#..##°#
.B####.#)#..°#
#......#.#..°#
#.....#.B.##
...#####.#○...#
#.......##°..#
#######.@y○..#
##########B...######
..!..........##....#
......####...<..##.#
.............#####.#
....##...........#
...#.##..#######
#.#.....# #.[....##


You could see a boulder beetle (rolling) and a hornet (confused).

Vanquished Creatures
  2 two-headed ogres
  2 trolls (D:9)
  3 wyverns
  2 steam dragons (D:10)
  2 water moccasins
  5 orc warriors
  An ice beast (D:8)
  3 sky beasts
  3 black bears
  An ogre (D:5)
  2 centaurs (D:9)
  2 phantoms (D:6)
  4 bullfrogs
  2 scorpions
  12 wights
  10 killer bees
  5 howler monkeys
  An electric eel (D:7)
  3 iron imps (D:6)
  7 orc priests
  5 hounds
  A gnoll bouda (D:5)
  3 iguanas
  Natasha (thrice) (D:2)
  9 orc wizards
  10 adders
  4 gnolls (D:5)
  A shadow imp (D:8)
  A white imp (D:7)
  5 worms
  A dart slug (D:1)
  31 orcs
  7 ball pythons
  2 bats (D:1)
  6 endoplasms
  6 hobgoblins
  2 jackals (D:2)
  3 quokkas
  3 frilled lizards
  3 goblins
  7 kobolds
  8 rats
193 creatures vanquished.

Notes
Turn   | Place    | Note
-------+----------+-------------------------------------------
     0 | D:1      | Wanderer2 the Octopode Hedge Wizard began the quest for the
                  | Orb.
     0 | D:1      | Reached XP level 1. HP: 11/11 MP: 4/4
   250 | D:1      | Reached XP level 2. HP: 17/17 MP: 4/6
   320 | D:1      | Found a faded altar of an unknown god.
  1183 | D:2      | Reached XP level 3. HP: 17/21 MP: 7/7
  1187 | D:2      | Learned a level 3 spell: Conjure Flame
  1191 | D:2      | Learned a level 3 spell: Mephitic Cloud
  1241 | D:2      | Noticed Natasha
  1247 | D:2      | Killed Natasha
  1248 | D:2      | Reached skill level 1 in Air Magic
  1249 | D:2      | Reached XP level 4. HP: 12/27 MP: 4/8
  1435 | D:2      | Noticed Natasha
  1448 | D:2      | Killed Natasha
  1647 | D:2      | Noticed Natasha
  1667 | D:2      | Killed Natasha
  1732 | D:2      | Reached XP level 5. HP: 30/31 MP: 1/9
  2126 | D:3      | Noticed LaMa's ghost (amateur MfIE)
  2126 | D:3      | Found a runed translucent gate.
  2126 | D:3      | Found a runed translucent gate.
  2130 | D:3      | Found a runed translucent gate.
  2190 | D:3      | Got the Precepts of Permutations
  2212 | D:3      | Noticed a kobold brigand
  3438 | D:4      | Reached skill level 1 in Fire Magic
  3532 | D:4      | Found an iron altar of Okawaru.
  3731 | D:4      | Reached XP level 6. HP: 31/36 MP: 10/10
  3992 | D:4      | Noticed a moth of wrath
  3995 | D:4      | Found a bloodstained altar of Trog.
  4247 | D:5      | Entered Level 5 of the Dungeon
  4334 | D:5      | Noticed a black bear
  4345 | D:5      | Killed a black bear
  4346 | D:5      | Reached skill level 5 in Conjurations
  4582 | D:5      | Reached skill level 1 in Fighting
  4582 | D:5      | Reached XP level 7. HP: 6/43 MP: 3/11
  4937 | D:5      | Reached skill level 3 in Dodging
  5115 | D:5      | Reached skill level 4 in Dodging
  5118 | D:5      | Learned a level 2 spell: Blink
  5358 | D:5      | Found a stormy altar of Qazlal.
  6252 | D:6      | Found a staircase to the Ecumenical Temple.
  6263 | Temple   | Entered the Ecumenical Temple
  6277 | Temple   | Reached skill level 5 in Dodging
  6277 | Temple   | Reached XP level 8. HP: 48/48 MP: 8/12
  6806 | D:6      | Reached skill level 6 in Dodging
  7170 | D:6      | Reached skill level 7 in Dodging
  7538 | D:6      | Found a burning altar of Makhleb.
  7681 | D:6      | Reached skill level 8 in Dodging
  7935 | D:6      | Found a glowing golden altar of the Shining One.
  7970 | D:6      | Reached XP level 9. HP: 52/53 MP: 9/13
  8088 | D:7      | Reached skill level 9 in Dodging
  8442 | D:7      | Reached skill level 10 in Dodging
  8633 | D:7      | Found a hide-covered altar of Uskayaw.
  8827 | D:7      | Found a white marble altar of Elyvilon.
  8829 | D:7      | Found a shimmering blue altar of Sif Muna.
  8838 | D:7      | Became a worshipper of Sif Muna the Loreminder
  8843 | D:7      | Found a broken altar of Ashenzari.
  9145 | D:7      | Found an ornate altar of the Wu Jian Council.
  9155 | D:7      | Reached skill level 11 in Dodging
  9361 | D:8      | Noticed a two-headed ogre
  9375 | D:8      | Killed a two-headed ogre
  9376 | D:8      | Reached skill level 12 in Dodging
  9376 | D:8      | Reached XP level 10. HP: 33/58 MP: 5/14
  9845 | D:8      | Found a sparkling altar of Nemelex Xobeh.
 10251 | D:8      | Found a staircase to the Lair.
 10808 | D:9      | Noticed a two-headed ogre
 10820 | D:9      | Killed a two-headed ogre
 10821 | D:9      | Reached skill level 5 in Stealth
 11038 | D:9      | Found a radiant altar of Vehumet.
 11117 | D:8      | Reached skill level 13 in Dodging
 11941 | D:9      | Found a blossoming altar of Fedhas.
 12396 | D:10     | Entered Level 10 of the Dungeon
 12423 | D:10     | Reached XP level 11. HP: 69/69 MP: 8/15
 12439 | D:10     | Reached skill level 1 in Maces & Flails
 12458 | D:10     | Noticed a boulder beetle
 12482 | D:10     | Reached skill level 1 in Axes
 12580 | D:10     | Slain by a boulder beetle

Illustrated notes

Levels and vault maps discovered:
D:1:      lightli_arrival_statuegarden, layout_loops_corners,
          basic_ecumenical_altar
D:2:      layout_rooms, uniq_natasha
D:3:      layout_basic, gammafunk_ghost_nasty_kobolds,
          hangedman_abyss_or_decor_stabs, minmay_misc_feat_nine_boxes
D:4:      minmay_spotlight, layout_loops_ring, mainiacjoe_overflow_alcove_1,
          tgw_trog, kennysheep_generic_room_12
D:5:      layout_layer_cave, grunt_qazlal_sundering
D:6:      layout_basic, mainiacjoe_overflow_brackets, demons_altar,
          minmay_temple_entry_purple_smoke, minmay_puff
D:7:      layout_basic, mainiacjoe_overflow_paths,
          minmay_overflow_temple_star_quad, mainiacjoe_overflow_alcove_2,
          st_stairs_3, minivault_4
D:8:      layout_basic, nemelex_xobeh_ov_fountains_minmay, lair_entry_dummy
D:9:      layout_cave_pods, nicolae_overflow_hidden_temple, vehumet_statue,
          minivault_1, kennysheep_kite_vault
D:10:     minmay_evil_eye, layout_basic, grunt_gozag_breadcrumbs,
          grunt_ministairs_2
Temple:   nicolae_temple_superstar

Skill      XL: |  1  2  3  4  5  6  7  8  9 10 11 |
---------------+----------------------------------+-----
Conjurations   | 2 3 4 5 |  5.0
Air Magic      | 1 3 4 |  4.0
Fire Magic     | 1 |  1.0
Stealth        | 4 8 |  8.6
Fighting       | 1 4 |  4.2
Dodging        | 5 8 12 13 | 13.0
Translocations | 2 |  2.4
Maces & Flails | 1 |  1.2
Axes           | 1 |  1.1
Spellcasting   | |  3.0
Summonings     | |  1.0

Action                   |  1- 3 |  4- 6 |  7- 9 | 10-12 || total
-------------------------+-------+-------+-------+-------++-------
Melee: Dagger            |    11 |       |       |       ||    11
       Tentacles         |     7 |    19 |    53 |    32 ||   111
       Constrict         |     7 |    20 |    55 |    27 ||   109
       Whip              |    18 |    80 |   171 |   112 ||   381
       Punch             |       |       |     7 |     3 ||    10
       Great sword       |       |       |    20 |       ||    20
       War axe           |       |       |       |     5 ||     5
       Mace              |       |       |       |     3 ||     3
 Cast: Magic Dart        |    19 |    74 |    81 |    35 ||   209
       Mephitic Cloud    |     1 |     5 |    27 |    24 ||    57
       Conjure Flame     |       |       |     2 |     1 ||     3
  Use: Scroll            |       |       |       |     9 ||     9
 Stab: Sleeping          |     8 |     9 |     3 |     1 ||    21
       Confused          |       |     1 |    17 |    18 ||    36
Armor: Skin              |     2 |    10 |    44 |    11 ||    67
Dodge: Dodged            |    16 |    37 |   124 |   111 ||   288
